Cogmind - Beta 10.1 @@@ ROGUE MODE // 2020.10.02 @ 12:15:04 Player: MJWkr Result: Destroyed by P-80 Master with Gamma Rifle Performance ------------- Evolutions (9) 4500 Regions Visited (11) 2200 Robots Destroyed (123) 615 Value Destroyed (4682) 4682 Prototype IDs (7) 140 Alien Tech Used (0) 0 Bonus (777) 777 TOTAL SCORE: 12914 Bonus ------- High Alert Combat Kills 721 Follower Combat Kills 70 Friendly Fire -14 Cogmind --------- Core Integrity 0/1600 Matter 113/300 Energy 86/100 System Corruption 4% Temperature Cool (0) Movement Core (50) Location -1/Access Parts ------- > --- POWER (4) -------- (None) > --- PROPULSION (6) --- (None) > --- UTILITY (10) ----- (None) > --- WEAPON (5) ------- (None) > --- INVENTORY (4) ---- Faulty Cooled Fission Core Improved Antigrav System Cooled Antigrav System Plasma Sword Peak State ------------ > --- POWER ------------ Antimatter Reactor > --- PROPULSION ------- Improved Heavy Treads Improved Antigrav System Antigrav Array > --- UTILITY ---------- Advanced Launcher Guidance Computer Advanced Launcher Guidance Computer Advanced Launcher Guidance Computer Advanced Launcher Guidance Computer Improved Weapon Cycler Improved Component Analysis Suite > --- WEAPON ----------- Cooled Plasma Rifle Gamma Bomb Array Mini Grenade Launcher Heavy Rocket Launcher > --- INVENTORY -------- (None) [Rating: 109] Favorites ----------- Power Improved Ion Engine Engine Improved Ion Engine Power Core Light Nuclear Core Reactor Light Antimatter Reactor Propulsion Improved Medium Treads Treads Improved Medium Treads Hover Unit Antigrav Array Flight Unit VTOL Module Utility Large Storage Unit Device Force Field Storage Large Storage Unit Processor Advanced Launcher Guidance Computer Hackware Hacking Suite Protection Improved Utility Shielding Weapon Advanced Assault Cannon Energy Gun Pulse Rifle Energy Cannon Ion Cannon Ballistic Gun Assault Rifle Ballistic Cannon Advanced Assault Cannon Launcher Heavy Rocket Launcher Build | -11 -10 -9 -8 -7 -6 -5 -4 -3 -3 -2 -1 ------- Run | Scr Mat Mat Mat Fac Fac Fac Fac Res Tes Res Acc Slots Evolved 18 | . . 2 2 2 2 2 2 2 . 2 2 Power 3 | . . . . 1 . . . 1 . 1 . Propulsion 4 | . . . . . 1 . 2 1 . . . Utility 8 | . . . 2 1 1 1 . . . 1 2 Weapon 3 | . . 2 . . . 1 . . . . . Parts Attached 105 | 7 6 5 5 29 17 14 2 17 . . 3 Power 13 | 1 1 . . 5 2 2 . 1 . . 1 Engine 9 | 1 1 . . 4 2 1 . . . . . Core 2 | . . . . 1 . . . . . . 1 Reactor 2 | . . . . . . 1 . 1 . . . Propulsion 26 | 2 . 3 1 4 4 4 1 5 . . 2 Treads 15 | 2 . 3 1 3 4 1 . 1 . . . Leg . | . . . . . . . . . . . . Wheel . | . . . . . . . . . . . . Hover 4 | . . . . 1 . . . 3 . . . Flight 7 | . . . . . . 3 1 1 . . 2 Utility 26 | 2 2 . 2 5 4 4 1 6 . . . Device 10 | . . . 1 2 4 1 . 2 . . . Storage 5 | 2 2 . . 1 . . . . . . . Processor 6 | . . . . . . 1 1 4 . . . Hackware 1 | . . . . 1 . . . . . . . Protection 4 | . . . 1 1 . 2 . . . . . Artifact . | . . . . . . . . . . . . Weapon 40 | 2 3 2 2 15 7 4 . 5 . . . Energy Gun 16 | 1 . 1 1 8 2 1 . 2 . . . Energy Cannon 4 | . . . . 1 3 . . . . . . Ballistic Gun 5 | 1 1 1 1 . 1 . . . . . . Ballistic Cannon 5 | . . . . 2 1 2 . . . . . Launcher 10 | . 2 . . 4 . 1 . 3 . . . Special Weapon . | . . . . . . . . . . . . Impact Weapon . | . . . . . . . . . . . . Slashing Weapon . | . . . . . . . . . . . . Piercing Weapon . | . . . . . . . . . . . . Special Melee Weapon . | . . . . . . . . . . . . Unidentified Prototypes 4 | . . . . . 1 . . 2 . . 1 Parts Lost 29 | . . . . 7 4 14 . 2 . . 2 Power 3 | . . . . 1 . 2 . . . . . Propulsion 6 | . . . . 1 . 3 . . . . 2 Utility 4 | . . . . . 1 3 . . . . . Weapon 16 | . . . . 5 3 6 . 2 . . . Highest Loss Streak 8 | . . . . 3 2 8 . 2 . . 2 Average Slot Usage (%) 78 | . 100 100 98 96 99 97 13 33 . . . Engine 8 | . 14 11 9 13 12 8 . . . . . Treads 13 | . 28 22 18 14 19 16 . 2 . . . Device 9 | . . . 7 6 19 16 . 5 . . . Storage 15 | . 28 22 18 23 20 16 . . . . . Protection 2 | . . . 9 2 . 4 . . . . . Energy Gun 6 | . 3 11 16 17 4 . . . . . . Energy Cannon 1 | . . . . . 5 2 . . . . . Ballistic Gun 6 | . 15 22 18 7 1 4 . . . . . Ballistic Cannon 5 | . . . . . 8 16 . . . . . Launcher 3 | . 9 11 1 2 4 2 . 7 . . . Naked Turns 764 | . . . . . . . 44 66 190 289 175 Heaviest Build 97 | 14 34 37 44 61 86 97 . 43 . . . Greatest Support 90 | 40 40 40 42 50 90 90 15 75 10 3 46 Greatest Overweight (x) 15 | . . . 1 15 1 13 . 1 . . . Average Overweight (x) . | . . . . 1 . . . . . . . Largest Inventory Capacity 14 | 8 14 14 14 14 14 14 4 4 4 4 4 Average Capacity 11 | 5 8 14 14 14 14 13 4 4 4 4 4 Most Carried 14 | 1 8 14 14 14 14 14 4 4 4 4 4 Average Carried 10 | . 5 9 13 13 13 13 3 1 3 4 3 Final Capacity 14 | 8 14 14 14 14 14 4 4 4 4 4 4 Final Carried 14 | 1 8 14 14 13 14 4 4 . 4 4 4 Class Distribution -------------------- 47% | Tank 29% | Mutant 20% | Gunner Dominant Class ---------------- Mutant | -10/Materials Gunner | -9/Materials Tank | -8/Materials Gunner | -7/Factory Tank | -6/Factory Tank | -5/Factory Mutant | -4/Factory Mutant | -3/Research Mutant | -3/Testing Mutant | -2/Research Mutant | -1/Access Resources | -11 -10 -9 -8 -7 -6 -5 -4 -3 -3 -2 -1 ----------- Run | Scr Mat Mat Mat Fac Fac Fac Fac Res Tes Res Acc Matter Collected 2980 | 221 40 388 118 406 615 802 168 222 . . . Remotely . | . . . . . . . . . . . . Salvage Created 4485 | 91 158 266 298 1034 655 1760 . 223 . . . Parts 236 | 2 16 14 17 58 33 73 . 23 . . . Haulers Intercepted 2 | . . . 1 . . 1 . . . . . Recyclers Shooed 3 | . . . . . . 2 . 1 . . . Parts Field Recycled . | . . . . . . . . . . . . Retrieved Matter . | . . . . . . . . . . . . Parts Self-Destructed . | . . . . . . . . . . . . Prevented . | . . . . . . . . . . . . Kills | -11 -10 -9 -8 -7 -6 -5 -4 -3 -3 -2 -1 ------- Run | Scr Mat Mat Mat Fac Fac Fac Fac Res Tes Res Acc Combat Hostiles Destroyed 89 | . 10 5 4 23 13 28 . 6 . . . Guns 34 | . 5 4 4 14 2 5 . . . . . Cannons 26 | . . . . 1 9 16 . . . . . AOE 29 | . 5 1 . 8 2 7 . 6 . . . Classes Destroyed 13 | 1 4 3 1 3 1 . . . . . . Worker 12 | . . 1 . 1 2 7 . 1 . . . Builder 11 | . . . . 2 . 3 . 6 . . . Tunneler 3 | . 1 . . . . 1 . 1 . . . Hauler 2 | . . . 1 . . 1 . . . . . Recycler 5 | 1 . . 1 1 1 1 . . . . . Watcher 1 | . 1 . . . . . . . . . . Swarmer 13 | . 6 . . 3 . 4 . . . . . Grunt 49 | . 4 2 . 16 4 19 . 4 . . . Brawler 2 | . . . . 1 . 1 . . . . . Duelist 3 | . . 1 . 1 . . . 1 . . . Sentry 11 | . . 2 4 . 3 2 . . . . . Hunter 3 | . . . . . 3 . . . . . . Programmer 8 | . . . . 2 3 2 . 1 . . . Best Kill Streak 8 | 1 6 3 2 7 3 7 . 8 . . . Combat Bots Only 6 | . 4 3 2 6 3 6 . 5 . . . Max Kills in Single Turn 5 | 1 3 1 1 5 3 4 . 3 . . . Gunslinging . | . . . . . . . . . . . . Exploded 3 | . 2 1 . 3 1 3 . 2 . . . Melee . | . . . . . . . . . . . . Uniques/NPCs Destroyed . | . . . . . . . . . . . . Combat | -11 -10 -9 -8 -7 -6 -5 -4 -3 -3 -2 -1 -------- Run | Scr Mat Mat Mat Fac Fac Fac Fac Res Tes Res Acc Damage Taken 9095 | . 280 83 99 1256 869 1645 772 1425 246 596 1824 Core 4500 | . 66 . . 100 50 121 772 933 246 596 1616 Absorbed by Shields 1221 | . . . . . 554 667 . . . . . Core Remaining (%) 73 | 100 73 100 100 85 94 87 32 . 9 58 . Volleys Fired 184 | 8 15 19 13 42 28 42 . 17 . . . Largest 5 | 2 2 4 4 4 4 5 . 4 . . . Hottest 248 | 60 50 110 143 248 227 234 . 173 . . . Shots Fired 635 | 16 27 56 52 157 104 194 . 29 . . . Gun 362 | 16 21 55 52 139 26 43 . 10 . . . Cannon 220 | . . . . 8 76 136 . . . . . Launcher 53 | . 6 1 . 10 2 15 . 19 . . . Special . | . . . . . . . . . . . . Kinetic 355 | 8 21 38 26 40 64 158 . . . . . Thermal 168 | 8 . 17 26 63 30 14 . 10 . . . Explosive 36 | . 6 1 . 10 2 . . 17 . . . Electromagnetic 76 | . . . . 44 8 22 . 2 . . . Robot Hit Streak 26 | 7 6 7 6 10 15 10 . 26 . . . Robot Miss Streak 4 | 2 3 3 2 3 4 4 . 2 . . . Penetration Max 1 | . . . . . . 1 . . . . . Secondary Targets 2 | . . . . 2 . . . . . . . Max Gunslinging Chain 1 | . . . . 1 . . . . . . . Shots Hit Robots 365 | 12 11 35 30 95 68 90 . 24 . . . Core Hits 234 | 2 17 13 10 58 34 67 . 33 . . . Critical Hits 11 | 1 . . . . 2 8 . . . . . Critical Kills 4 | . . . . . 1 3 . . . . . Critical Parts Destroyed 7 | 1 . . . . 1 5 . . . . . Melee Attacks . | . . . . . . . . . . . . Impact . | . . . . . . . . . . . . Slashing . | . . . . . . . . . . . . Piercing . | . . . . . . . . . . . . Sneak Attacks . | . . . . . . . . . . . . Combat Hostiles . | . . . . . . . . . . . . Follow-up Attacks . | . . . . . . . . . . . . Damage Inflicted 12498 | 138 716 501 405 2339 2305 4171 . 1923 . . . Guns 3063 | 138 144 394 405 1211 260 305 . 206 . . . Cannons 3139 | . . . . 147 1333 1659 . . . . . Explosions 6280 | . 572 95 . 981 708 2207 . 1717 . . . Melee . | . . . . . . . . . . . . Ramming 16 | . . 12 . . 4 . . . . . . Kinetic 3556 | 79 144 329 165 198 924 1717 . . . . . Thermal 3712 | 59 . 65 240 859 1034 1249 . 206 . . . Explosive 3506 | . 572 95 . 903 227 . . 1709 . . . Electromagnetic 1708 | . . . . 379 116 1205 . 8 . . . Impact . | . . . . . . . . . . . . Slashing . | . . . . . . . . . . . . Piercing . | . . . . . . . . . . . . Highest Corruption 5 | . 2 . . . 2 1 1 2 2 5 4 Average Corruption 1 | . 2 . . . 1 1 1 1 2 3 3 Corruption Purged . | . . . . . . . . . . . . Effects 18 | . 4 . . . 2 4 . 1 4 3 . Message Errors 3 | . . . . . . 1 . 1 1 . . Heat Flow Errors 3 | . 2 . . . . . . . 1 . . Energy Discharges 3 | . . . . . . . . . 1 2 . Data Loss (minor) 2 | . . . . . . 1 . . 1 . . Data Loss (major) 1 | . . . . . . . . . . 1 . Targeting Errors 6 | . 2 . . . 2 2 . . . . . Overload Shots . | . . . . . . . . . . . . Overflow Damage 381 | . 45 . . 28 139 125 . 44 . . . Projectiles 7 | . . . . . 7 . . . . . . Explosions 374 | . 45 . . 28 132 125 . 44 . . . Melee . | . . . . . . . . . . . . Knockbacks 20 | . . . . . 10 10 . . . . . Impact . | . . . . . . . . . . . . Kinetic 19 | . . . . . 10 9 . . . . . Secondary 1 | . . . . . . 1 . . . . . Self-Inflicted Damage 959 | . 20 . . 193 445 294 . 7 . . . Shots 22 | . 1 . . 5 5 9 . 2 . . . Rammed 2 | . . 1 . . 1 . . . . . . Targets Rammed 2 | . . 1 . . 1 . . . . . . Kicked . | . . . . . . . . . . . . Crushed . | . . . . . . . . . . . . Highest Temperature 319 | . 252 54 159 276 145 80 . 179 139 . 319 Average Temperature 66 | . 92 18 67 99 55 26 . 64 70 . 169 Received Heat Transfer 1155 | . 93 30 36 306 91 281 54 156 . 45 63 Siege Activations . | . . . . . . . . . . . . Robots Corrupted . | . . . . . . . . . . . . Combat Hostiles . | . . . . . . . . . . . . Parts Fried 5 | . . . . 1 2 2 . . . . . Impact Corruptions . | . . . . . . . . . . . . Robots Melted . | . . . . . . . . . . . . Combat Hostiles . | . . . . . . . . . . . . Parts Melted 1 | . . . . . . . . 1 . . . Heat Transferred 5189 | 125 . 150 519 1681 1218 1146 . 350 . . . Parts Sabotaged . | . . . . . . . . . . . . Parts Stolen . | . . . . . . . . . . . . Parts Stripped . | . . . . . . . . . . . . Power Chain Reactions 7 | . . . . 1 1 5 . . . . . Missiles Intercepted . | . . . . . . . . . . . . Alert | -11 -10 -9 -8 -7 -6 -5 -4 -3 -3 -2 -1 ------- Run | Scr Mat Mat Mat Fac Fac Fac Fac Res Tes Res Acc Peak Influence 971 | 5 260 323 313 598 623 971 632 643 308 248 208 Initial 473 | . 3 109 135 142 238 305 473 331 246 173 148 Average 352 | . 141 208 236 390 291 506 555 475 271 228 179 Maximum Alert Level 3 | . 1 1 1 2 2 3 2 2 1 1 1 Low Security (%) 17 | 100 58 49 33 6 15 . . . . 20 87 Level 1 49 | . 41 50 66 48 69 42 . 42 100 79 12 Level 2 28 | . . . . 44 15 36 100 57 . . . Level 3 4 | . . . . . . 21 . . . . . Level 4 . | . . . . . . . . . . . . Level 5 . | . . . . . . . . . . . . High Security . | . . . . . . . . . . . . Max Security . | . . . . . . . . . . . . Squads Dispatched 27 | . . 1 . 11 5 6 1 2 1 . . Investigation 3 | . . 1 . 1 . . . 1 . . . Extermination 5 | . . . . 2 2 1 . . . . . Reinforcement 13 | . . . . 4 2 5 . 1 1 . . Assault 1 | . . . . . . . 1 . . . . Garrison 5 | . . . . 4 1 . . . . . . Intercept . | . . . . . . . . . . . . Construction Impeded 4 | . . . . 2 . 1 . 1 . . . Haulers Reinforced 3 | . . . . . 2 1 . . . . . Stealth | -11 -10 -9 -8 -7 -6 -5 -4 -3 -3 -2 -1 --------- Run | Scr Mat Mat Mat Fac Fac Fac Fac Res Tes Res Acc Distress Signals 10 | . 1 . . . 2 4 . 1 . 1 1 Communications Jammed . | . . . . . . . . . . . . Distress Signals . | . . . . . . . . . . . . Times Spotted 221 | . 13 9 5 32 18 44 26 34 6 12 22 Peak Tracking Total 18 | . 7 4 2 4 4 7 15 18 4 12 16 Tactical Retreats 21 | . . . . 3 . 4 3 2 1 4 4 Traps | -11 -10 -9 -8 -7 -6 -5 -4 -3 -3 -2 -1 ------- Run | Scr Mat Mat Mat Fac Fac Fac Fac Res Tes Res Acc Traps Triggered 15 | . 1 . . 2 3 3 3 . . 2 1 Indirectly 3 | . . . . . . 3 . . . . . Trap Hack Attempts . | . . . . . . . . . . . . Triggered . | . . . . . . . . . . . . Disarmed . | . . . . . . . . . . . . Reprogrammed . | . . . . . . . . . . . . Reused . | . . . . . . . . . . . . Traps Extracted . | . . . . . . . . . . . . Installed . | . . . . . . . . . . . . Triggered . | . . . . . . . . . . . . Machines | -11 -10 -9 -8 -7 -6 -5 -4 -3 -3 -2 -1 ---------- Run | Scr Mat Mat Mat Fac Fac Fac Fac Res Tes Res Acc Machines Disabled 31 | . 1 . . 5 11 13 . 1 . . . Max in Single Turn 5 | . 1 . . 1 5 4 . 1 . . . Machines Sabotaged . | . . . . . . . . . . . . Garrisons Compromised . | . . . . . . . . . . . . Overloaded Fab Kills . | . . . . . . . . . . . . Fab Network Shutdowns . | . . . . . . . . . . . . Hacking | -11 -10 -9 -8 -7 -6 -5 -4 -3 -3 -2 -1 --------- Run | Scr Mat Mat Mat Fac Fac Fac Fac Res Tes Res Acc Machines Accessed 38 | . 1 2 . 8 5 8 3 3 2 4 2 Terminals 19 | . . 2 . 2 2 6 2 . 1 3 1 Fabricators 2 | . . . . . . 2 . . . . . Repair Stations 5 | . . . . 3 1 . 1 . . . . Recycling Units 6 | . 1 . . 1 1 . . 2 . . 1 Scanalyzers 2 | . . . . . 1 . . . 1 . . Garrison Access 4 | . . . . 2 . . . 1 . 1 . Total Hacks 78 | . 5 6 . 12 12 14 6 5 7 6 5 Successful 22 | . 1 1 . 4 3 3 2 1 5 . 2 Failed 56 | . 4 5 . 8 9 11 4 4 2 6 3 Catastrophic 12 | . . . . 1 1 3 1 2 1 3 . Database Lockouts . | . . . . . . . . . . . . Manual 36 | . . 6 . 6 3 6 3 2 2 6 2 Terminals 35 | . . 6 . 4 2 11 3 . 2 5 2 Fabricators 3 | . . . . . . 3 . . . . . Repair Stations 15 | . . . . 4 8 . 3 . . . . Recycling Units 14 | . 5 . . 2 1 . . 3 . . 3 Scanalyzers 6 | . . . . . 1 . . . 5 . . Garrison Access 5 | . . . . 2 . . . 2 . 1 . Terminal Hacks 3 | . . 1 . . . 2 . . . . . Record 1 | . . . . . . 1 . . . . . Robot Analysis 1 | . . . . . . 1 . . . . . Level Access Points 1 | . . 1 . . . . . . . . . Fabricator Hacks 1 | . . . . . . 1 . . . . . Network Status 1 | . . . . . . 1 . . . . . Repair Station Hacks 6 | . . . . 1 3 . 2 . . . . Scan Component 4 | . . . . 1 2 . 1 . . . . Repair 2 | . . . . . 1 . 1 . . . . Recycling Unit Hacks 6 | . 1 . . 2 . . . 1 . . 2 Process 1 | . . . . . . . . . . . 1 Report Inventory 3 | . 1 . . 1 . . . 1 . . . Retrieve Matter 1 | . . . . . . . . . . . 1 Retrieve Components 1 | . . . . 1 . . . . . . . Scanalyzer 5 | . . . . . . . . . 5 . . Insert Component 4 | . . . . . . . . . 4 . . Analyze 1 | . . . . . . . . . 1 . . Garrison Access Hacks . | . . . . . . . . . . . . Unauthorized Hacks 1 | . . . . 1 . . . . . . . Terminals . | . . . . . . . . . . . . Fabricators . | . . . . . . . . . . . . Repair Stations . | . . . . . . . . . . . . Recycling Units . | . . . . . . . . . . . . Scanalyzers . | . . . . . . . . . . . . Garrison Access 1 | . . . . 1 . . . . . . . Reprogram 1 | . . . . 1 . . . . . . . Data Cores Recovered 1 | . . 1 . . . . . . . . . Used 1 | . . 1 . . . . . . . . . Hacking Detections 35 | . 1 1 . 7 5 8 3 3 1 4 2 Full Trace Events 2 | . . 1 . . . . . 1 . . . Feedback Events . | . . . . . . . . . . . . Feedback Blocked . | . . . . . . . . . . . . Robot Schematics Acquired . | . . . . . . . . . . . . Robots Built . | . . . . . . . . . . . . Matter . | . . . . . . . . . . . . Time . | . . . . . . . . . . . . Total Robot Build Rating . | . . . . . . . . . . . . Part Schematics Acquired 1 | . . . . . . . . . 1 . . Parts Built . | . . . . . . . . . . . . Matter . | . . . . . . . . . . . . Time . | . . . . . . . . . . . . Total Part Build Rating . | . . . . . . . . . . . . Parts Repaired 2 | . . . . . 1 . 1 . . . . Time 32 | . . . . . 16 . 16 . . . . Parts Recycled . | . . . . . . . . . . . . Recycled Matter 133 | . . . . . . . . . . . 133 Retrieved Matter 133 | . . . . . . . . . . . 133 Retrieved Components 6 | . . . . 6 . . . . . . . Parts Scanalyzed 1 | . . . . . . . . . 1 . . Part Schematics Acquired 1 | . . . . . . . . . 1 . . Parts Damaged . | . . . . . . . . . . . . Bothacking | -11 -10 -9 -8 -7 -6 -5 -4 -3 -3 -2 -1 ------------ Run | Scr Mat Mat Mat Fac Fac Fac Fac Res Tes Res Acc Used RIF Installer . | . . . . . . . . . . . . Robots Hacked . | . . . . . . . . . . . . Non-combat . | . . . . . . . . . . . . Combat . | . . . . . . . . . . . . Robot Hacks Applied . | . . . . . . . . . . . . Relay Couplers Released 3 | . . . . 3 . . . . . . . Programmers 3 | . . . . 3 . . . . . . . Robots Rewired . | . . . . . . . . . . . . Allies Hacked . | . . . . . . . . . . . . Hacks Repelled . | . . . . . . . . . . . . Allies | -11 -10 -9 -8 -7 -6 -5 -4 -3 -3 -2 -1 -------- Run | Scr Mat Mat Mat Fac Fac Fac Fac Res Tes Res Acc Total Allies 1 | . . . . 1 . . . . . . . Largest Group 1 | . . . . 1 . . . . . . . Highest-Rated Group 32 | . . . . 32 . . . . . . . Highest-Rated Ally 32 | . . . . 32 . . . . . . . Total Orders . | . . . . . . . . . . . . Ally Attacks 9 | . . . . 9 . . . . . . . Total Damage 360 | . . . . 360 . . . . . . . Kills 2 | . . . . 2 . . . . . . . Allies Corrupted . | . . . . . . . . . . . . Allies Melted . | . . . . . . . . . . . . Intel | -11 -10 -9 -8 -7 -6 -5 -4 -3 -3 -2 -1 ------- Run | Scr Mat Mat Mat Fac Fac Fac Fac Res Tes Res Acc Robot Analysis Total 1 | . . . . . . 1 . . . . . Derelict Logs Recovered . | . . . . . . . . . . . . Drone Launches . | . . . . . . . . . . . . Drone Recoveries . | . . . . . . . . . . . . Exploration | -11 -10 -9 -8 -7 -6 -5 -4 -3 -3 -2 -1 ------------- Run | Scr Mat Mat Mat Fac Fac Fac Fac Res Tes Res Acc Turns Passed 6481 | 154 359 372 377 1282 1131 1369 347 407 197 289 197 Spaces Moved 4669 | 77 188 182 178 596 591 668 534 410 351 543 351 Core 1641 | 3 . . . 1 . . 175 246 338 543 335 Treads 2459 | 74 188 182 178 593 591 630 . 23 . . . Legs . | . . . . . . . . . . . . Wheels . | . . . . . . . . . . . . Hover 142 | . . . . 2 . . . 140 . . . Flight 427 | . . . . . . 38 359 1 13 . 16 Fastest Speed 34 | 50 160 160 160 165 155 34 34 40 40 50 37 Average Speed 114 | 155 160 160 172 174 160 172 41 79 49 50 49 Slowest Speed 1100 | 160 160 160 180 800 172 1100 50 160 50 50 50 Overloaded Moves . | . . . . . . . . . . . . Propulsion Burnouts . | . . . . . . . . . . . . Robots Hopped 2 | . . . . . . 1 1 . . . . Cave-ins Triggered . | . . . . . . . . . . . . Exploration Rate (%) 21 | 5 39 18 22 24 19 25 16 14 40 20 17 Regions Visited 11 Branch Regions 1 Pre-discovered Areas . | . . . . . . . . . . . . Known Exits Taken 1 | . . 1 . . . . . . . . . Unknown Exits Taken 10 | 1 1 . 1 1 1 1 1 1 1 1 . Scrap Searched . | . . . . . . . . . . . . Spaces Dug . | . . . . . . . . . . . . Terrain Destroyed 466 | . 52 12 . 85 129 123 . 65 . . . Melee . | . . . . . . . . . . . . Projectile 45 | . . . . . 13 32 . . . . . AOE 421 | . 52 12 . 85 116 91 . 65 . . . Terrain Rammed . | . . . . . . . . . . . . Walls Destroyed . | . . . . . . . . . . . . Machines Disabled . | . . . . . . . . . . . . Actions | -11 -10 -9 -8 -7 -6 -5 -4 -3 -3 -2 -1 --------- Run | Scr Mat Mat Mat Fac Fac Fac Fac Res Tes Res Acc Total 5393 | 92 216 218 218 733 705 778 656 469 375 559 374 Wait 318 | . 4 7 10 46 53 34 120 23 15 2 4 Move 4654 | 76 187 181 177 595 590 665 531 409 350 542 351 Hop 2 | . . . . . . 1 1 . . . . Pick Up 48 | 1 4 5 6 11 8 6 1 . 6 . . Fast Attach 46 | 7 . . 2 8 7 6 2 12 . . 2 Attach 32 | . . 2 1 9 8 6 . 5 . . 1 Detach 10 | . . . . . 3 3 . 2 1 . 1 Swap 27 | . 6 3 2 12 2 2 . . . . . Drop 40 | . . . 7 10 5 13 1 1 3 . . Fire 184 | 8 15 19 13 42 28 42 . 17 . . . Melee . | . . . . . . . . . . . . Ram . | . . . . . . . . . . . . Kick . | . . . . . . . . . . . . Crush 2 | . . 1 . . 1 . . . . . . Escape Stasis 30 | . . . . . . . . . . 15 15 Rewire . | . . . . . . . . . . . . Trap . | . . . . . . . . . . . . Miscellaneous . | . . . . . . . . . . . . Route ------- -11/Scrapyard -10/Materials -9/Materials (discovered 4 exits: *Mat x3 / [*Min]) -8/Materials -7/Factory -6/Factory -5/Factory -4/Factory -3/Research -3/Testing -2/Research -1/Access History --------- Turn | Location | Event 4 | -11/Scrapyard | Discovered new exit (range 15) 155 | -11/Scrapyard | Entered Materials 316 | -10/Materials | Build established: Mutant 469 | -10/Materials | Discovered new exit (range 9) 514 | -10/Materials | Entered another Materials area 514 | -9/Materials | Evolved 2 slots: Weapon x2 732 | -9/Materials | Discovered new exit (range 8) 836 | -9/Materials | Build established: Gunner 842 | -9/Materials | Identified exit to Materials 886 | -9/Materials | Entered another Materials area 886 | -8/Materials | Evolved 2 slots: Utility x2 1239 | -8/Materials | Discovered new exit (range 11) 1263 | -8/Materials | Entered Factory 1263 | -7/Factory | Evolved 2 slots: Power x1, Utility x1 1622 | -7/Factory | Build established: Tank 1652 | -7/Factory | Garrison activated, responded to threat 2003 | -7/Factory | Build established: Gunner 2311 | -7/Factory | Lost 3 parts (1p2w) 2382 | -7/Factory | Garrison activated, responded to threat 2516 | -7/Factory | Discovered new exit (range 15) 2545 | -7/Factory | Entered another Factory area 2545 | -6/Factory | Evolved 2 slots: Propulsion x1, Utility x1 2662 | -6/Factory | Garrison activated, responded to threat 2891 | -6/Factory | Build established: Tank 2955 | -6/Factory | Repaired Cooling System 3668 | -6/Factory | Discovered new exit (range 5) 3676 | -6/Factory | Entered another Factory area 3676 | -5/Factory | Evolved 2 slots: Utility x1, Weapon x1 5011 | -5/Factory | Lost 8 parts (1p2n1u4w) 5044 | -5/Factory | Discovered new exit (range 5) 5044 | -5/Factory | Spotted B-75 Beast 5045 | -5/Factory | Entered another Factory area 5045 | -4/Factory | Evolved 2 slots: Propulsion x2 5075 | -4/Factory | Lost 4 parts (2u2w) 5144 | -4/Factory | Repaired VTOL Module? 5295 | -4/Factory | First assault squad dispatched 5299 | -4/Factory | Build established: Mutant 5373 | -4/Factory | Core integrity fell below 50% 5387 | -4/Factory | Discovered new exit (range 10) 5392 | -4/Factory | Entered Research 5392 | -3/Research | Evolved 2 slots: Power x1, Propulsion x1 5592 | -3/Research | Found Gamma Bomb Array 5731 | -3/Research | Released all parts (12) 5770 | -3/Research | Core integrity fell below 50% 5792 | -3/Research | Discovered new exit (range 11) 5799 | -3/Research | Entered Testing 5943 | -3/Testing | Spotted Striker 5984 | -3/Testing | Spotted PD-IW36GBFQEF 5992 | -3/Testing | Core integrity fell below 20% 5993 | -3/Testing | Discovered new exit (range 8) 5996 | -3/Testing | Entered Research 5996 | -2/Research | Evolved 2 slots: Power x1, Utility x1 6097 | -2/Research | Spotted B-90 Cyclops 6277 | -2/Research | Discovered new exit (range 16) 6285 | -2/Research | Entered Access 6285 | -1/Access | Evolved 2 slots: Utility x2 6433 | -1/Access | Spotted B-99 Colossus 6458 | -1/Access | Core integrity fell below 50% 6470 | -1/Access | Core integrity fell below 20% 6482 | -1/Access | Destroyed by P-80 Master with Gamma Rifle Last Messages --------------- 06442_ A-15 Conveyor suffers critical hit. 06443_ Acquired Field Propulsion Array. 06443_ P-80 Master resets A-15 Conveyor, system corruption cleaned. 06445_ P-80 Master resets G-73 Enforcer, system corruption cleaned. 06450_ Identified Cld. Fission Core. 06450_ Malfunction: Heat surge (+363). 06453_ U-05 Engineer lays Concrete. 06454_ P-80 Master resets S-43 Plague, system corruption cleaned. 06455_ U-05 Engineer lays Concrete. 06457_ Field Propulsion Array destroyed. 06460_ Slug penetrates Wall. 06460_ S-43 Plague destroyed. 06463_ Penetrated by Slug. 06463_ Field Propulsion Array destroyed. 06464_ Penetrated by Slug. 06466_ Slug penetrates Wall. 06466_ Penetrated by Slug. 06469_ Slug penetrates Wall. 06469_ K-01 Serf suffers critical hit. 06475_ U-05 Engineer lays Concrete. Map ----- +----------------------------------------------------+ | ?????????????????????????????????????????????????? | | ?????????????????????????????????????????????????? | | ?????????????????????????????????????????????????? | | ?????????????????????????????????????????????????? | | ?????????????????????????????????????????????????? | | ?????????????????????????????????????????????????? | | ?????????????????????????????????????????????????? | | ?????????????????????????????????????????????????? | | ?????????????????????????????????????????????????? | | ?????????????????????????????????????????????????? | | ??????????????????????? ?????????????????????? | | ????????????????????? R#????????????????????? | | ????????????????????# #????????????????????? | | ????????????????????# #????????????????????? | | ????????????????????# #????????????????????? | | ??????????????####### R #????????????????????? | | ????????????? t pp#????????????????????? | | ????????????? #????????????????????? | | ???????????? u #????????????????????? | | ????????????? #????????????????????? | | ?????????????? #????????????????????? | | ???????????????? #????????????????????? | | ?????????????????? ########?????????????? | | ????????????????????# #?????????????? | | ????????????????????# #?????????????? | | ????????????????????# @ #?????????????? | | ????????????????????+ g #?????????????? | | ????????????????????# #?????????????? | | ????????????????????# gA #?????????????? | | ????????????????????# #?????????????? | | ????????????????????########R #?????????????? | | ????????????????????# # #?????????????? | | ????????????????????# # #?????????????? | | ????????????????????# + #?????????????? | | ????????????????????# # #?????????????? | | ????????????????????# # #?????????????? | | ????????????????????# ?# ########??????? | | ????????????????????# ?# #??????? | | ????????????????????# ??# s #??????? | | ????????????????????# ??# #??????? | | ????????????????????# ???# #??????? | | ????????????????????# ???# #??????? | | ????????????????????# ????# #??????? | | ????????????????????# ????# #??????? | | ????????????????????# ?????######## ######## | | ????????????????????##????????????# # | | ??????????????????????????????????# #? | | ??????????????????????????????????# #? | | ??????????????????????????????????# # " | | ??????????????????????????????????# # """ | +----------------------------------------------------+ Best States ------------- Heat Dissipation 81 Energy Generation 34 Energy Capacity 765 Matter Stores 300 Matter Capacity 300 Sight Range 16 Terrain Scan Density 10 Armor Coverage 225 Utility Shielding 66 Weapon Cycling 20 Evasion (%) 63 Launcher Accuracy 160 Recoil Reduction 3 Offensive Hacking 10 Item Schematics ----------------- Impulse Thruster | -3/Testing | Scanalyzed Robot Schematics ------------------ None Fabricated ------------ Nothing Alien Tech Used ----------------- None Achievements -------------- Denied? Safety First Streaker Challenges ------------ None Game ------ Seed AccelerationBiometalFlamer Manual? 0 Play Time 01:12:36 Cumulative 26.2 hours Start 2020.10.02 @ 10:42:47 End 2020.10.02 @ 12:15:04 Sessions 1 Manual Loads 0 Difficulty Rogue Special Mode None Game No. 48 Rogue 48 Adventurer 0 Explorer 0 Win Type - Total 0 Types 0/0/0/0/0/0/0/0/0 Lore% 21 Gallery% 39 Achievement% 27 Wizard Run 0 Options --------- ASCII 0 Keyboard 1 Movement Numpad Keybinds 0 Fullscreen 1 Font 18/SmallcapsGlow Map View 76x50 Tactical HUD 1 Map Filters NONE Filters NONE Steam 1 RUN: e4d4cf27-9217-4252-a2c7-77a4e82ad125